 Dungeon Crawl Stone Soup version 0.31-a0-702-gf82c85558f (webtiles) character file.

Game seed: 9482570386797690875

69 qw the Shooter (level 4, 0/28 HPs)
             Began as a Gargoyle Hunter on Sept 8, 2023.
             Slain by an orc priest
             ... wielding a +0 club
              (2 damage)
             ... on level 2 of the Dungeon.
             The game lasted 00:00:33 (1166 turns).

qw the Shooter (Gargoyle Hunter)                    Turns: 1166, Time: 00:00:33

Health: 0/28       AC:  9    Str: 14    XL:     4   Next: 20%
Magic:  4/4        EV: 10    Int: 10    God:
Gold:   63         SH:  0    Dex: 15    Spells: 3/3 levels left

rFire   . . .        Y - +0 shortbow
rCold   . . .        (shield currently unavailable)
rNeg    + . .        e - +0 ring mail
rPois   inf          (no helmet)
rElec   +            (no cloak)
rCorr   .            (no gloves)
SInv    .            g - +0 pair of boots
Will    .....        (no amulet)
Stlth   +            (no ring)
HPRegen 0.24/turn    (no ring)
MPRegen 0.09/turn

%: no passive effects
@: no status effects
A: sickness immunity, AC +3, negative energy resistance 1, electricity
resistance, torment resistance 1, petrification resistance
a: no special abilities


You were on level 2 of the Dungeon.
You visited 1 branch of the dungeon, and saw 2 of its levels.

You collected 63 gold pieces.


Innate Abilities, Weirdness & Mutations

You are immune to sickness and miasma.
Your stone body is resilient. (AC +3)
You are immune to poison.
You resist negative energy. (rN+)
You are resistant to electric shocks. (rElec)
You are resistant to unholy torment.
You are immune to petrification.


   Skills:
 - Level 3.0 Fighting
 + Level 5.1 Ranged Weapons
 - Level 1.0 Armour
 - Level 1.5 Dodging
 - Level 1.1 Stealth


You had 3 spell levels left.
You didn't know any spells.
Your spell library was empty.

Inventory:

Hand Weapons
 Y - a +0 shortbow (weapon)
Armour
 e - a +0 ring mail (worn)
 g - a +0 pair of boots (worn)
Jewellery
 a - a ring of positive energy
Scrolls
 b - a scroll of enchant armour {unknown}
 c - a scroll of vulnerability {unknown}
Potions
 d - a potion of invisibility {unknown}
 f - a potion of lignification {unknown}
 j - a potion of heal wounds {unknown}
 k - a potion of enlightenment {unknown}

Dungeon Overview and Level Annotations

Branches:
Dungeon (2/15)

Altars:


Message History

1157 ||| Stepping ~*~*~tactically~*~*~ (outnumbered).
You see here a +0 club.
You shoot an arrow. The arrow hits the orc priest.
The orc priest is heavily wounded.
The goblin shoots a sling bullet.
The sling bullet hits you.
The orc priest mumbles some strange prayers to Beogh against you.
Pain shoots through your body!
The goblin shoots a sling bullet.
The sling bullet barely misses you.
1159 ||| Stepping ~*~*~tactically~*~*~ (outnumbered).
The goblin shoots a sling bullet.
The sling bullet hits you but does no damage.
You shoot an arrow. The arrow hits the orc priest.
The orc priest is heavily wounded.
The goblin shoots a sling bullet.
The sling bullet hits you but does no damage.
1161 ||| Stepping ~*~*~tactically~*~*~ (outnumbered).
You shoot an arrow.
The arrow closely misses the orc priest.
The goblin shoots a sling bullet.
The sling bullet hits you. The orc priest closely misses you.
You shoot an arrow. The arrow barely misses the orc priest.
An orc comes into view. It is wielding a +0 whip.
The goblin shoots a sling bullet.
The sling bullet misses you. The orc priest barely misses you.
The orc moves out of view.
You hear a shout!
You shoot an arrow. The arrow hits the orc priest.
The orc priest is heavily wounded.
The orc priest calls upon Beogh to heal the orc wizard.
The orc wizard's wounds heal themselves!
The goblin hits you but does no damage.
Enter note:
Enter note: You shoot an arrow.
The arrow hits the orc priest.
The orc priest is severely wounded.
The goblin hits you but does no damage.
You shoot an arrow.
The arrow hits the orc priest but does no damage.
The orc priest is severely wounded.
The orc priest hits you with a +0 club.
You die...

..........#. #o...^.....
### ##.........# #..
..........# #..
#..o....###. #..
########.......... # ..
#....o@##.o.......##.##
#....go##..............
#.....g.o)...)....#...##
#.......)...........####
#8....)8##..............
#.......#..#.......#....
#8.....8#..##...##.#####
#.......#.#......#...###
#8.....8#...#..#[##...##


You could see an orc priest, an orc wizard, an orc and 2 goblins.

Vanquished Creatures
  2 adders
  A dart slug (D:2)
  4 endoplasms (D:1)
  3 giant cockroaches
  8 goblins
  5 hobgoblins
  4 quokkas (D:1)
  3 ball pythons
  4 bats
  3 frilled lizards (D:1)
  5 kobolds
  3 rats
45 creatures vanquished.

Notes
Turn   | Place    | Note
-------+----------+-------------------------------------------
     0 | D:1      | qw the Gargoyle Hunter began the quest for the Orb.
     0 | D:1      | Reached XP level 1. HP: 12/12 MP: 1/1
     0 | D:1      | 0 ||| qw: Version: 0.3-a-76-g4403597
     0 | D:1      | 0 ||| qw: Game counter: 1071
     0 | D:1      | 0 ||| qw: Melee chars always use a shield: true
     0 | D:1      | 0 ||| qw: God list: Okawaru
     0 | D:1      | 0 ||| qw: Allow faded altars: false
     0 | D:1      | 0 ||| qw: Do Orc after clearing Dungeon:15 true
     0 | D:1      | 0 ||| qw: Do second Lair branch before Depths: true
     0 | D:1      | 0 ||| qw: Lair rune preference: random
     0 | D:1      | 0 ||| qw: Goals: Normal
     0 | D:1      | 0 ||| PLANNING D:1-11
   167 | D:1      | Reached XP level 2. HP: 16/17 MP: 2/2
   505 | D:1      | Reached XP level 3. HP: 21/21 MP: 3/3
   563 | D:1      | Reached skill level 5 in Ranged Weapons
   833 | D:1      | Found a faded altar of an unknown god.
   847 | D:1      | 847 ||| UPGRADING to +0 ring mail.
   857 | D:1      | 857 ||| DROPPING +0 leather armour.
   858 | D:1      | 858 ||| UPGRADING to +0 pair of boots.
   863 | D:1      | 863 ||| READING scroll labelled PIECZI MACUZOZ.
   864 | D:1      | 864 ||| READING scroll labelled DEFAITZU SYWOW.
   965 | D:1      | 965 ||| READING scroll labelled KOFUAQAANE.
   966 | D:1      | 966 ||| READING scroll labelled ENLOSCHYGAT.
   971 | D:1      | 971 ||| DROPPING scroll of butterflies.
   985 | D:2      | 985 ||| STAIRDANCE
   991 | D:1      | Reached skill level 1 in Armour
  1109 | D:2      | Reached XP level 4. HP: 27/27 MP: 4/4
  1129 | D:2      | Reached skill level 3 in Fighting
  1149 | D:2      | 1149 ||| FLEEEEING.
  1154 | D:2      | 1154 ||| Stepping ~*~*~tactically~*~*~ (outnumbered).
  1155 | D:2      | 1155 ||| Stepping ~*~*~tactically~*~*~ (outnumbered).
  1157 | D:2      | 1157 ||| Stepping ~*~*~tactically~*~*~ (outnumbered).
  1158 | D:2      | HP: 4/28 [orc priest/nerve-wracking pain (7)]
  1159 | D:2      | 1159 ||| Stepping ~*~*~tactically~*~*~ (outnumbered).
  1161 | D:2      | 1161 ||| Stepping ~*~*~tactically~*~*~ (outnumbered).
  1162 | D:2      | HP: 1/28 [goblin/sling bullet (4)]
  1166 | D:2      | Slain by an orc priest

Levels and vault maps discovered:
D:1:      nicolae_arrival_somewhat_less_tricky_arrival, layout_loops_ring,
          shapermc_ecumenical_altar_mp_vishouse
D:2:      kennysheep_the_goblin_king, layout_rooms, basic_altar

Skill      XL: |  1  2  3  4 |
---------------+-------------+-----
Ranged Weapons | 5 |  5.1
Armour         | 1 |  1.0
Fighting       | 3 |  3.0
Dodging        | |  1.5
Stealth        | |  1.1

Action                     |  1- 3 |  4- 6 || total
---------------------------+-------+-------++-------
   Fire: Shortbow          |   104 |    30 ||   134
    Use: Scroll            |     4 |       ||     4
 Armour: Leather armour    |    31 |       ||    31
         Ring mail         |    11 |    14 ||    25
  Dodge: Dodged            |    39 |     9 ||    48

Table legend:
 A = Non-vault XP
 B = Vault XP
 C = Vault XP percentage of total XP
 D = Non-vault monster count
 E = Vault monster count
 F = Vault count percentage of total count
                 A         B        C        D         E       F
            +---------+---------+-------+---------+---------+-------
      Total |      89 |      10 |  10.1 |      40 |       5 |  11.1
            +---------+---------+-------+---------+---------+-------
        D:1 |      59 |       0 |   0.0 |      30 |       0 |   0.0
        D:2 |      30 |      10 |  25.0 |      10 |       5 |  33.3
            +---------+---------+-------+---------+---------+-------
